 BcadrenCrawl: Boulder Brew version 0.06-688-g08e91b2d95 (webtiles) character file.

Game seed: 7433015393174893361

70 Angani the Magician (level 4, -1/59 HPs) Immature Draconian Demonspawn. Began on Jan 17, 2023. Slain by a bat skeleton (2 damage) ... on level 2 of the Dungeon. The game lasted 00:02:50 (965 turns).

Angani the Magician (Immature Draconian Demonspawn)  Turns: 965, Time: 00:02:51

Health: -1/59      AC: -2    Str: 16    XL:     4 ^: 96
Magic:  0/8        EV: 12    Int: 13    God:
Gold:   62         SH:  1    Dex: 16    Spells: 8/9 levels left

rFire    + . .     Slash    +   g - +0 whip
rCold    + . .     Pierce   x   e - +0 buckler {rF+}
rNeg     + . .     Bludgeon .   (armour unavailable)
rCorr    . . .     Vision   .   (helmet restricted)
rPois    .         Gourm    .   (no cloak)
rElec    .         Faith    +   (no gloves)
MR       .....     Spirit   +   (no boots)
HPRegen  0.29/turn Reflect  .   j - amulet of faith
MPRegen  0.18/turn Harm     .   d - ring of dexterity
Stlth    ++........             f - ring of positive energy

@: corroded
A: cold resistance 1, deformed body 2, magic shield, cold-blooded, draconic
flesh, AC +6
a: Breathe Dart


You were on level 2 of the Dungeon.
You were not hungry.

You visited 1 branch of the dungeon, and saw 2 of its levels.

You collected 62 gold pieces.

Inventory:

Weapons
 g - a +0 whip (weapon) Shields
 e - a +0 buckler of fire resistance (shield)
Jewellery
 d - a ring of dexterity (left hand)
 f - a ring of positive energy (right hand)
 h - an uncursed ring of fire
 j - an amulet of faith (around neck)
Scrolls
 k - a scroll of bless item
Comestibles
 a - a chunk of flesh
 b - 3 rations


   Skills:
 + Level 3.2 Fighting
 - Level 2.4 Dodging
 - Level 1.3 Stealth
 - Level 1.7 Unarmed Combat
 + Level 3.2 Spellcasting
 - Level 1.5 Fire Magic
   Level 3.0 Invocations


You had 8 spell levels left.
You knew the following spells:

 Your Spells              Type           Power        Failure   Level  Hunger
a - Flame Tongue          Fire           6 (30)       21%         1    0-19

Your spell library contained the following spells:

 Spells                   Type           Power        Failure   Level  Hunger
 Slow Hex 2 (100) 36% 1 0-19 Blink Tloc N/A 50% 2 39-79 Call Imp Summ 2 (100) 50% 2 39-79 Conjure Flame Fire 6 (100) 52% 3 79-139 Mephitic Cloud Pois/Air       2 (100)      75%         3    79-139


Dungeon Overview and Level Annotations

Branches:
Dungeon (2/8)

Altars:

Annotations:
D:1 exclusion: door


Innate Abilities, Weirdness & Mutations

Your plain brown scales are resilient. (AC +6)
You can breathe rudimentary magical darts.
You are cold resistant. (rC+)
You cannot wear any armour on your peculiar form.
When hurt, damage is shared between your health and your magic reserves.
You are cold-blooded and are slowed more easily by cold attacks.
Your scales resist being cut, but it's oddly easy to stick a small blade between them. (rSlashing+, rPiercing-)


Message History

The kobold shouts!
You hear a shout!
A bat skeleton comes into view.
The bat skeleton hits you (2).
* * * LOW HITPOINT WARNING * * *
A crocodile comes into view.
A kobold comes into view.
A big kobold comes into view.
You hear an angry hiss.
Unknown command.
The kobold shouts!
You hear a shout!
The bat skeleton closely misses you. The bat skeleton hits you (2).
* * * LOW HITPOINT WARNING * * *
The bat skeleton hits you (1).
An adder comes into view.
The bat skeleton hits you (1).
* * * LOW HITPOINT WARNING * * *
Found a stone staircase leading up.
Unknown command.
Unknown command.
The bat skeleton hits you (2).
You die...

≈#.≈≈≈≈≈#
...≈S≈≈≈#
#.≈≈≈≈≈#
#≈≈≈≈≈.#
.#≈≈≈≈.≈#
≈K≈KK.≈≈#
.K.KK.≈≈#
≈K≈≈.≈tZ#
##≈≈..≈@#
#≈≈≈...#
...≈≈.≈.#
#..≈≈.≈≈#
##...≈P..
#.≈≈P≈..
#≈≈≈≈P.<
#≈≈≈≈P...


You could see a crocodile, a big kobold (wandering), a submerged adder, 6
kobolds and a bat skeleton.

Vanquished Creatures
  2 giant cockroaches (D:1)
  A gnoll (D:1)
  A cinder newt (D:1)
  2 leopard geckos (D:1)
  6 goblins (D:1)
  3 hobgoblins (D:1)
  A kobold (D:1)
  2 ball pythons (D:1)
  4 bats (D:1)
  3 rats (D:1)
25 creatures vanquished.

Vanquished Creatures (others)
  2 withered plants (D:2)
2 creatures vanquished.

Grand Total: 27 creatures vanquished

Notes
Turn   | Place    | Note
-------+----------+-------------------------------------------
     0 | D:1      | Angani the Immature Draconian Demonspawn began the quest
                  | for the Orb.
     0 | D:1      | Reached XP level 1. HP: 29/29 MP: 3/3
   148 | D:1      | Gained mutation: You are cold resistant. (rC+) [demonic
                  | ancestry]
   148 | D:1      | Reached XP level 2. HP: 35/39 MP: 5/5
   319 | D:1      | Gained mutation: When hurt, damage is shared between your
                  | health and your magic reserves. [demonic ancestry]
   319 | D:1      | Reached XP level 3. HP: 49/49 MP: 7/7
   669 | D:1      | Reached XP level 4. HP: 57/59 MP: 6/8
   705 | D:1      | Identified a scroll of acquirement
   963 | D:2      | Noticed a crocodile
   963 | D:2      | Noticed a big kobold
   964 | D:2      | HP: 2/59 [bat skeleton (2)]
   965 | D:2      | Slain by a bat skeleton

Illustrated notes

Levels and vault maps discovered:
D:1:      mrwooster_arrival_arrow, layout_loops_ring, gup_sewer_entry_glass
D:2:      layout_sewer, elyvilon_niche

Skill      XL: |  1  2  3 |
---------------+----------+-----
Fighting       | 2 3 |  3.2
Spellcasting   | 2 3 |  3.2
Dodging        | |  2.4
Stealth        | |  1.3
Unarmed Combat | |  1.7
Fire Magic     | |  1.5
Invocations    | |  3.0

Action                   |  1- 3 |  4- 6 || total
-------------------------+-------+-------++-------
Melee: Unarmed           |   104 |       ||   104
       Peck              |     8 |     4 ||    12
       Whip              |     9 |     9 ||    18
  Use: Scroll            |       |     2 ||     2
       Potion            |       |     1 ||     1
 Stab: Sleeping          |     1 |     1 ||     2
Armor: Skin              |    23 |     9 ||    32
Dodge: Dodged            |    14 |     5 ||    19
